 Dungeon Crawl Stone Soup version 0.31-a0-692-gf03d1854d5 (webtiles) character file.

Game seed: 540288062754375161

167 Essalna the Conjurer (level 5, 0/35 HPs)
             Began as a Demonspawn Conjurer on Sept 7, 2023.
             Slain by a hound (5 damage)
             ... on level 4 of the Dungeon.
             The game lasted 00:05:18 (3069 turns).

Essalna the Conjurer (Demonspawn Conjurer)          Turns: 3069, Time: 00:05:18

Health: 0/35       AC:  5    Str:  8    XL:     5   Next: 23%
Magic:  8/10       EV: 12    Int: 21    God:
Gold:   195        SH:  0    Dex: 11    Spells: 8/11 levels left

rFire   . . .        d - +0 spear
rCold   . . .        (no shield)
rNeg    + . .        a - +0 robe
rPois   .            (helmet restricted)
rElec   .            (no cloak)
rCorr   .            (no gloves)
SInv    .            (no boots)
Will    .....        (no amulet)
Stlth   ++           k - ring of positive energy
HPRegen 0.25/turn    (no ring)
MPRegen 0.12/turn

%: no passive effects
@: no status effects
A: horns 1, slimy green scales 2
a: no special abilities


You were on level 4 of the Dungeon.
You visited 1 branch of the dungeon, and saw 4 of its levels.

You collected 195 gold pieces.

Inventory:

Hand Weapons
 d - a +0 spear (weapon)
Armour
 a - a +0 robe (worn)
Jewellery
 k - a ring of positive energy (left hand)
 o - a +6 ring of strength
Scrolls
 f - 2 scrolls of teleportation
 g - 2 scrolls of identify
 h - a scroll of vulnerability
 i - a scroll of immolation
 j - 2 scrolls of fog
 n - a scroll of enchant weapon {unknown}
Potions
 b - a potion of magic
 c - 2 potions of heal wounds
 e - a potion of enlightenment
 l - 2 potions of curing {unknown}
 m - a potion of lignification {unknown}


   Skills:
 - Level 1.7 Dodging
 - Level 1.7 Stealth
 + Level 3.8 Spellcasting
 + Level 5.4 Conjurations


You had 8 spell levels left.
You knew the following spells:

 Your Spells              Type           Power      Damage    Failure   Level
a - Magic Dart            Conj           100%       1d8       1%          1
b - Searing Ray           Conj           52%        2d6       1%          2

Your spell library contained the following spells:

 Spells                   Type           Power      Damage    Failure   Level
 Shock                    Conj/Air       60%        1d6       4%          1
 Dazzling Flash           Conj/Hex       30%        N/A       12%         3
 Swiftness                Air            4%         N/A       36%         3
 Fulminant Prism          Conj/Hex       7%         3d7       36%         4
 Iskenderun's Mystic Bla  Conj/Tloc      15%        2d5       36%         4
 Airstrike                Air            2%         2d(1-17)  77%         4
 Animate Armour           Summ/Erth      8%         N/A       77%         4
 Summon Lightning Spire   Summ/Air       4%         N/A       77%         4
 Lee's Rapid Deconstruct  Erth           2%         3d4*      98%         5


Dungeon Overview and Level Annotations

Branches:
Dungeon (4/15)
 Temple: D:4-7

Altars:
Okawaru
Ru

Shops:
D:2 :(*(:


Innate Abilities, Weirdness & Mutations

You have a pair of small horns on your head.
You are mostly covered in slimy green scales. (AC +3)


Message History

The orc wizard casts a spell.
The orc wizard flickers and vanishes!
Deactivating autopickup; reactivate with Ctrl-A.
You hear a bark!
The orc shouts!
A hound comes into view.
The orc wizard misses you. The orc wizard completely misses you.
The orc closely misses you. The orc misses you.
The orc wizard barely misses you. Something hits you.
The orc barely misses you. Something barely misses you.
The orc wizard casts a spell.
The orc wizard flickers and vanishes!
The orc misses you. Something hits you but does no damage.
You hear some strange, mumbled words.
A magic dart appears from out of thin air!
The magic dart hits you. The orc closely misses you.
Something hits you. x2; The orc misses you.
Something hits you but does no damage. Something hits you.
The orc barely misses you.
Something hits you but does no damage. x2
The hound bites you. Something hits you. x2
The hound barely misses you. Something hits you but does no damage.
You hear some strange, mumbled words.
A puff of flame appears from out of thin air!
The puff of flame misses you. The hound barely misses you. The hound bites you.
Something hits you.
* * * LOW HITPOINT WARNING * * *
You hear some strange, mumbled words.
A puff of flame appears from out of thin air!
The puff of flame hits you.
* * * LOW HITPOINT WARNING * * *
The hound closely misses you. x2
You hear some strange, mumbled words.
Something tries to affect you, but you resist.
Something hits you.
* * * LOW HITPOINT WARNING * * *
The hound bites you.
You die...

.........#.........##
........##..........#
........#..............
...........############
..........## ##........##
########.. ..#........###
#........#
...#.....h{..#####..#######
........o{@.........#
######8.8########†#.##
#8.8# #..##.### ## .....
#..####..###. ..._._ #..#
##..... #...8. #..# ##..##
##.. #... #).# #... ...##
.... .....


You could see a hound and an orc.

Vanquished Creatures
  A hound (D:4)
  An orc wizard (D:4)
  4 adders (D:2)
  A worm (D:2)
  A dart slug (D:1)
  4 orcs (D:4)
  10 endoplasms
  4 giant cockroaches
  10 goblins
  5 hobgoblins
  A quokka (D:4)
  7 ball pythons
  5 bats
  5 frilled lizards
  4 kobolds
  4 rats
67 creatures vanquished.

Notes
Turn   | Place    | Note
-------+----------+-------------------------------------------
     0 | D:1      | Essalna the Demonspawn Conjurer began the quest for the
                  | Orb.
     0 | D:1      | Reached XP level 1. HP: 13/13 MP: 3/3
   167 | D:1      | Gained mutation: You are partially covered in slimy green
                  | scales. (AC +2) [demonic ancestry]
   167 | D:1      | Reached XP level 2. HP: 19/19 MP: 0/5
   939 | D:1      | Learned a level 2 spell: Searing Ray
   993 | D:2      | Found Qem Vit's Book Shoppe.
  1005 | D:2      | Gained mutation: You are mostly covered in slimy green
                  | scales. (AC +3) [demonic ancestry]
  1005 | D:2      | Reached XP level 3. HP: 24/24 MP: 2/7
  1131 | D:2      | Found Elliewkesio's Weapon Shoppe.
  1293 | D:2      | Found Duli's Assorted Antiques.
  1655 | D:2      | Found Exzixy's Antique Weapon Emporium.
  1746 | D:2      | Found Ihenysoxt's Book Emporium.
  1875 | D:2      | Reached XP level 4. HP: 30/30 MP: 3/8
  2101 | D:2      | Reached skill level 5 in Conjurations
  2148 | D:2      | Found an iron altar of Okawaru.
  2201 | D:3      | Found a sacrificial altar of Ru.
  2232 | D:3      | Identified the +3 orcbow of Checkmate {elec, Str+3 Int-2}
  3015 | D:4      | Gained mutation: You have a pair of small horns on your
                  | head. [demonic ancestry]
  3015 | D:4      | Reached XP level 5. HP: 35/35 MP: 8/10
  3069 | D:4      | Slain by a hound

Illustrated notes

Levels and vault maps discovered:
D:1:      minmay_arrival_five_plusses, layout_loops_ring, minmay_tromino_v2
D:2:      layout_loops_ring, serial_shops, nicolae_shop_advertising_works
          [nicolae_subvault_shop_adworks], nicolae_shop_gibbet_a_chance, shop,
          nicolae_shop_tiny_real_fake_doors, nicolae_square_shop, basic_altar
D:3:      layout_rooms, mainiacjoe_overflow_cross_hatched
D:4:      layout_layer_cave, dreamdust_divine_triumvirate, old_standard_altar,
          mainiacjoe_overflow_concentric_impassable, temple_statues,
          kennysheep_generic_room_9, uniq_eustachio

Skill      XL: |  1  2  3  4 |
---------------+-------------+-----
Spellcasting   | 3 |  3.8
Conjurations   | 5 |  5.4
Dodging        | |  1.7
Stealth        | |  1.7

Action                     |  1- 3 |  4- 6 || total
---------------------------+-------+-------++-------
  Melee: Spear             |     9 |     5 ||    14
         Punch             |       |     1 ||     1
   Cast: Magic Dart        |    82 |    52 ||   134
         Searing Ray       |       |     1 ||     1
    Use: Scroll            |     6 |     2 ||     8
 Armour: Robe              |     5 |    22 ||    27
  Dodge: Dodged            |    11 |    20 ||    31

Table legend: (Time is in decaauts)
 A = Elapsed time spent in this place.
 B = Non-inter-level travel time spent in this place.
 C = Inter-level travel time spent in this place.
 D = Time resting spent in this place.
 E = Time spent auto-exploring this place.
 F = Levels seen in this place.
 G = Mean time per level.
                   A        B        C        D        E       F      G
               +--------+--------+--------+--------+--------+-----+--------+
         Total |   3068 |   2988 |     80 |      0 |   2647 |   4 |  767.0 |
       Dungeon |   3068 |   2988 |     80 |      0 |   2647 |   4 |  767.0 |
               +--------+--------+--------+--------+--------+-----+--------+

Top non-repeatable levels by time:
     D:2: 1207 daAuts
     D:1: 993 daAuts
     D:3: 513 daAuts
     D:4: 354 daAuts
